 Dungeon Crawl Stone Soup version 0.28-a0-674-gdaf460b524 (webtiles) character file.

Game seed: 1801906509343620682

102 bande the Covered (level 4, 0/28 HPs)
             Began as a Gargoyle Fighter on Oct 17, 2021.
             Slain by a gnoll (1 damage)
             ... on level 3 of the Dungeon.
             The game lasted 00:02:51 (2023 turns).

bande the Covered (Gargoyle Fighter)                Turns: 2023, Time: 00:02:52

Health: 0/28       AC: 15    Str: 20    XL:     4   Next: 77%
Magic:  4/4        EV:  6    Int:  9    God:
Gold:   49         SH:  4    Dex:  9    Spells: 3/3 levels left

rFire   . . .      SeeInvis .   a - +0 war axe
rCold   . . .      Faith    .   c - +0 buckler
rNeg    + . .      Spirit   .   e - +0 plate armour
rPois   ∞          Reflect  .   (no helmet)
rElec   +          Harm     .   (no cloak)
rCorr   .          Rampage  .   (no gloves)
Will    .....                   (no boots)
Stlth   ..........              (no amulet)
HPRegen 0.09/turn               (no ring)
MPRegen 0.09/turn               (no ring)

@: no status effects
A: sickness immunity, AC +3, negative energy resistance 1, electricity
resistance, torment resistance 1, petrification resistance
a: no special abilities


You were on level 3 of the Dungeon.
You visited 1 branch of the dungeon, and saw 3 of its levels.

You collected 49 gold pieces.

Inventory:

Hand Weapons
 a - a +0 war axe (weapon)
Armour
 c - a +0 buckler (worn)
 e - a +0 plate armour (worn)
Jewellery
 f - a ring of magical power
Scrolls
 b - a scroll of teleportation
 h - 2 scrolls of fog
Potions
 d - a potion of might
 g - a potion of flight


   Skills:
 + Level 3.6 Fighting
 + Level 3.3 Axes
 + Level 3.9 Armour
 + Level 3.8 Shields


You had 3 spell levels left.
You didn't know any spells.
Your spell library contained the following spells:

 Spells                   Type           Power      Damage    Failure   Level
 Sandblast                Erth           0%         2d4       100%        1
 Passwall                 Tmut/Erth      0%         N/A       100%        2
 Stone Arrow              Conj/Erth      0%         3d7       100%        3


Dungeon Overview and Level Annotations

Branches:
Dungeon (3/15)

Altars:
Xom

Shops:
D:2 *


Innate Abilities, Weirdness & Mutations

You are immune to sickness and miasma.
Your stone body is resilient. (AC +3)
You are immune to poison.
You resist negative energy. (rN+)
You are resistant to electric shocks. (rElec)
You are resistant to unholy torment.
You are immune to petrification.


Message History

You barely miss the gnoll. The gnoll hits you but does no damage.
You block the gnoll's attack.
You slash the gnoll!
You kill the gnoll!
You barely miss the gnoll. The gnoll barely misses you.
The gnoll completely misses you.
You slash the gnoll!
The gnoll is almost dead.
The gnoll hits you with a +0 flail.
* * * LOW HITPOINT WARNING * * *
You completely miss the gnoll.
The gnoll is almost dead.
Your plate armour prevents you from hitting the gnoll.
You block the gnoll's attack. The gnoll hits you with a +0 flail.
* * * LOW HITPOINT WARNING * * *
The gnoll hits you but does no damage.
Unknown command.
You hit the gnoll but do no damage.
The gnoll is almost dead.
You hit the gnoll. You block the gnoll's attack.
The gnoll hits you but does no damage. The gnoll hits you with a +0 flail.
* * * LOW HITPOINT WARNING * * *
You barely miss the gnoll.
The gnoll is moderately wounded.
You barely miss the gnoll. The gnoll barely misses you. x2
You closely miss the gnoll.
The gnoll is almost dead.
You hit the gnoll. The gnoll barely misses you. You block the gnoll's attack.
The gnoll hits you but does no damage.
You slash the gnoll!
You kill the gnoll!
You barely miss the gnoll. The gnoll hits you with a +0 club.
* * * LOW HITPOINT WARNING * * *
You closely miss the gnoll.
The gnoll is heavily wounded.
The gnoll hits you but does no damage.
Your plate armour prevents you from hitting the gnoll.
The gnoll is heavily wounded.
The gnoll hits you with a +0 club.
You die...

#######
#......
#......
.......
.......
#######
.......##
#.....#
......))#
#.###.# ###
#......@###.#
#.# #..
#.....g)'...#
#.# #.#
#.......#####
#.# #.#
####....# #.#
###.. #.....
#.# #....
#..... #)#
#.### #####.
#.# #.#.. .#
###.# #.##.
#...####....


You could see a gnoll.

Vanquished Creatures
  2 gnolls (D:3)
  3 adders (D:2)
  A worm (D:2)
  2 dart slugs (D:2)
  An orc (D:3)
  6 ball pythons
  6 bats
  3 endoplasms (D:2)
  2 giant cockroaches
  6 goblins
  4 hobgoblins
  2 jackals (D:2)
  A kobold (D:1)
  5 frilled lizards
  2 rats (D:1)
46 creatures vanquished.

Vanquished Creatures (others)
  2 plants (D:2)
2 creatures vanquished.

Grand Total: 48 creatures vanquished

Notes
Turn   | Place    | Note
-------+----------+-------------------------------------------
     0 | D:1      | bande the Gargoyle Fighter began the quest for the Orb.
     0 | D:1      | Reached XP level 1. HP: 14/14 MP: 1/1
    46 | D:1      | Found a faded altar of an unknown god.
   155 | D:1      | Reached XP level 2. HP: 14/19 MP: 2/2
   981 | D:2      | Reached XP level 3. HP: 22/23 MP: 3/3
  1227 | D:2      | Found Pixiu's General Store.
  1307 | D:2      | Found a shimmering altar of Xom.
  1491 | D:2      | Reached XP level 4. HP: 28/28 MP: 4/4
  2021 | D:3      | HP: 1/28 [gnoll (2)]
  2023 | D:3      | Slain by a gnoll

Illustrated notes

Levels and vault maps discovered:
D:1:      sevenhm_arrival_forest_fort_large_2, layout_rooms,
          shapermc_ecumenical_altar_starsandcircs, minivault_23,
          chequers_garden, serial_park_tiny_1
D:2:      cheibrodos_old_hovel, layout_basic, basic_altar, serial_shops, shop
D:3:      layout_basic, uniq_grinder

Skill      XL: |  1  2  3 |
---------------+----------+-----
Axes           | 2 3 |  3.3
Fighting       | |  3.6
Armour         | |  3.9
Shields        | |  3.8

Action                   |  1- 3 |  4- 6 || total
-------------------------+-------+-------++-------
Melee: War axe           |    92 |    42 ||   134
  Use: Scroll            |     3 |     2 ||     5
Armor: Scale mail        |    15 |       ||    15
       Plate armour      |    59 |    30 ||    89
Dodge: Dodged            |    34 |    18 ||    52
Block: Buckler           |    24 |    15 ||    39

Table legend: (Time is in decaauts)
 A = Elapsed time spent in this place.
 B = Non-inter-level travel time spent in this place.
 C = Inter-level travel time spent in this place.
 D = Time resting spent in this place.
 E = Time spent auto-exploring this place.
 F = Levels seen in this place.
 G = Mean time per level.
                   A        B        C        D        E       F      G
               +--------+--------+--------+--------+--------+-----+--------+
         Total |   2074 |   1994 |     80 |      0 |   1562 |   3 |  691.3 |
       Dungeon |   2074 |   1994 |     80 |      0 |   1562 |   3 |  691.3 |
               +--------+--------+--------+--------+--------+-----+--------+

Top non-repeatable levels by time:
     D:2: 1015 daAuts
     D:1: 956 daAuts
     D:3: 102 daAuts
